 Dungeon Crawl Stone Soup version 0.17.0-28-g6e173f8 (webtiles) character file.

244 dohliylev the Covert (level 5, 0/57 HPs)
             Began as a Vampire Assassin on Nov 27, 2015.
             Slain by an adder (2 damage)
             ... on level 3 of the Dungeon.
             The game lasted 00:11:43 (2053 turns).

dohliylev the Covert (Vampire Assassin)             Turns: 2053, Time: 00:11:44

Health: 0/57       AC: 22    Str: 10    XL:     5   Next: 83%
Magic:  5/5        EV:  2    Int: 13    God:
Gold:   129        SH:  0    Dex: 17    Spells: 0 memorised, 4 levels left

rFire  . . .     SeeInvis +     a - +2 dagger
rCold  . . .     Clarity  .     (armour currently unavailable)
rNeg   + + +     SustAt   .     (no shield)
rPois  +         Gourm    .     (helmet currently unavailable)
rElec  .         Spirit   .     (cloak currently unavailable)
rCorr  .         Warding  .     (gloves currently unavailable)
rMut   .         NoTele   +     (boots currently unavailable)
MR     .....                    (no amulet)
Stlth  +++++++...               (no ring)
                                (no ring)

@: lethally poisoned (0 -> -4), tree-form, regenerating quickly, not resistant
to hostile enchantments, extremely stealthy
A: (fangs 0), see invisible, (unbreathing)
a: no special abilities


You were on level 3 of the Dungeon.
You were full.
You were a tree.
You visited 1 branch of the dungeon, and saw 3 of its levels.

You collected 129 gold pieces.

Inventory:

Hand Weapons
 a - a +2 dagger (weapon)
 b - a +0 blowgun
Missiles
 f - 5 poisoned needles
 l - 2 curare-tipped needles
 q - 2 javelins (quivered)
 r - 6 tomahawks
Armour
 c - a +0 robe (melded)
 p - a +0 cloak (melded)
Scrolls
 e - 2 scrolls of blinking {unknown}
 h - 4 scrolls of identify {unknown}
 j - a scroll of enchant weapon {unknown}
 k - a scroll of remove curse {unknown}
 m - a scroll of magic mapping {unknown}
Potions
 d - a potion of haste {unknown}
 g - 12 potions of blood
 i - 2 potions of curing {unknown}
 o - a potion of heal wounds


   Skills:
 + Level 2.0 Fighting
 + Level 2.5 Short Blades
 + Level 1.8 Throwing
 + Level 1.8 Dodging
 * Level 10.1 Stealth


You had 4 spell levels left.
You didn't know any spells.

Dungeon Overview and Level Annotations

Branches:
Dungeon (3/15)

Altars:
Fedhas
Gozag
Qazlal

Annotations:
D:2 Natasha


Innate Abilities, Weirdness & Mutations

Your natural rate of healing is unusually fast.
((You have razor-sharp teeth.))
You have supernaturally acute eyesight.
((You can survive without breathing.))


Message History

The adder poisons you!
You feel sick.
You feel sick. The adder bites you but does no damage.
You see here a scroll labeled BEWINOIVVU.
You feel sick. The adder bites you.
* * * LOW HITPOINT WARNING * * *
You hit the adder.
The adder is almost dead.
The adder barely misses you.
You closely miss the adder.
The adder is almost dead.
You feel sick. The adder bites you.
* * * LOW HITPOINT WARNING * * *
You are lethally poisoned!
The adder poisons you!
It was a potion of lignification.
You turn into a tree.
Your +0 cloak melds into your body.
Your +0 robe melds into your body.
Your roots penetrate the ground.
The adder bites you.
You die...

.###....#...#..# .#.
.....#.[.......######## #.#
.###...#..............#
###.#### ##.##.......# #.#
##...#... .####.###.<.#..#
####.###......##
.>.....###..#..#
#............##
............#.?#
#.##.###....####
#####..#.......###.##.#
##.#.#... #........#.S♣..##.#
#.#....# #.##.#.##.#######.#
##.#..### #(##.#.#####
#.###....## # #.##.#.# #.#
#.....#...### #.##.#.##.#.##
#####.......#
#.##†#.#.###.#########.#.#...
#....................[.#.####
####...............#####..##
####.#####.####.######..##


You could see an adder.

Vanquished Creatures
  Crazy Yiuf (D:2)
  Ijyb (D:2)
  Jessica (D:3)
  A worker ant (D:3)
  Natasha (twice) (D:2)
  3 gnolls (D:2)
  An adder (D:2)
  An ooze (D:1)
  5 worms
  2 giant geckos
  An orc (D:3)
  7 bats
  8 goblins
  6 hobgoblins
  4 kobolds
  3 ball pythons
  3 giant cockroaches
  3 giant newts
  2 rats (D:2)
  A fungus (D:2)
56 creatures vanquished.

Notes
Turn   | Place    | Note
--------------------------------------------------------------
     0 | D:1      | dohliylev the Vampire Assassin began the quest for the Orb.
     0 | D:1      | Reached XP level 1. HP: 16/16 MP: 1/1
    13 | D:1      | Reached skill level 6 in Stealth
   109 | D:1      | Reached XP level 2. HP: 9/22 MP: 2/2
   279 | D:1      | Reached skill level 7 in Stealth
   714 | D:2      | Reached XP level 3. HP: 15/27 MP: 3/3
   772 | D:2      | Reached skill level 8 in Stealth
   912 | D:2      | Noticed Natasha
   918 | D:2      | Killed Natasha
   918 | D:2      | Reached XP level 4. HP: 33/33 MP: 4/4
   997 | D:2      | Noticed Ijyb
  1027 | D:2      | Killed Ijyb
  1027 | D:2      | Reached skill level 9 in Stealth
  1109 | D:2      | Found an opulent altar of Gozag.
  1118 | D:2      | Reached XP level 5. HP: 12/38 MP: 5/5
  1245 | D:2      | Noticed Natasha
  1254 | D:2      | Killed Natasha
  1271 | D:2      | Noticed Natasha
  1377 | D:2      | Noticed Crazy Yiuf
  1383 | D:2      | Killed Crazy Yiuf
  1464 | D:3      | Found a faded altar to an unknown god.
  1466 | D:3      | Noticed Jessica
  1472 | D:3      | Killed Jessica
  1656 | D:3      | Reached skill level 10 in Stealth
  1950 | D:3      | Found a stormy altar of Qazlal.
  1950 | D:3      | Found a blossoming altar of Fedhas.
  1950 | D:3      | Found an opulent altar of Gozag.
  2052 | D:3      | HP: 1/38 [adder (1)]
  2053 | D:3      | Slain by an adder

Action                   |  1- 3 |  4- 6 || total
-------------------------+-------+-------++-------
Melee: Dagger            |    50 |   132 ||   182
 Fire: Blowgun           |    28 |    11 ||    39
  Use: Potion            |       |     9 ||     9
 Stab: Sleeping          |    16 |    11 ||    27
